PAA
ATLANTIC CITY SONICS @ CASPER GHOSTS
07/19/2034
 
TOP OF THE 1ST
Atlantic City Sonics batting - Pitching for Casper Ghosts : RHP Huibrecht Bik
Pitching: RHP Huibrecht Bik
Batting: LHB Xuan-ling Liao 0-0: Ball
1-0: Foul Ball, location: 2F
1-1: Foul Ball, location: 2F
1-2: Ground out U3 (Groundball, 3)
Batting: RHB John Willoughby 0-0: Foul Ball, location: 2F
0-1: Ground out 5-3 (Groundball, 56S)
Batting: RHB Dam Son 0-0: Called Strike
0-1: Ball
1-1: Foul Ball, location: 2F
1-2: Ball
2-2: Foul Ball, location: 2F
2-2: Ball
3-2: SINGLE (Line Drive, 4D)
Batting: LHB Bryce Abood 0-0: Fly out, F8 (Flyball, 8LS)
Top of the 1st over - 0 runs, 1 hit, 0 errors, 1 left on base; Atlantic City 0 - Casper 0
BOTTOM OF THE 1ST
Casper Ghosts batting - Pitching for Atlantic City Sonics : RHP Lincoln Spooner
Pitching: RHP Lincoln Spooner
Batting: LHB Ronald Anderson 0-0: Called Strike
0-1: Ball
1-1: Foul Ball, location: 2F
1-2: Foul Ball, location: 2F
1-2: SINGLE (Line Drive, 8LS)
Batting: RHB Armando Pacheco 0-0: Ball
1-0: Called Strike
Ronald Anderson steals 2nd base
1-1: Foul Ball, location: 2F
1-2: Ball
2-2: Ball
3-2: Fly out, F8 (Flyball, 8RD)
Batting: LHB Marcus Shill 0-0: Ground out U3 (Groundball, 3)
Ronald Anderson to third
Batting: LHB Badry Maksimenov 0-0: Ball
1-0: Ball
2-0: Fly out, F8 (Flyball, 8RXD)
Bottom of the 1st over - 0 runs, 1 hit, 0 errors, 1 left on base; Atlantic City 0 - Casper 0
TOP OF THE 2ND
Atlantic City Sonics batting - Pitching for Casper Ghosts : RHP Huibrecht Bik
Batting: RHB Jeff Quesenberry 0-0: Fly out, F8 (Flyball, 8LD)
Batting: LHB Scotty Mitchell 0-0: Foul Ball, location: 2F
0-1: Foul Ball, location: 2F
0-2: Foul Ball, location: 2F
0-2: Foul Ball, location: 2F
0-2: Ball
1-2: Strikes out looking
Batting: RHB Gary Jenkins 0-0: Ball
1-0: Foul Ball, location: 2F
1-1: Called Strike
1-2: Foul Ball, location: 2F
1-2: Strikes out swinging
Top of the 2nd over - 0 runs, 0 hits, 0 errors, 0 left on base; Atlantic City 0 - Casper 0
BOTTOM OF THE 2ND
Casper Ghosts batting - Pitching for Atlantic City Sonics : RHP Lincoln Spooner
Batting: RHB Jeff Mouton 0-0: Ball
1-0: Ball
2-0: Ball
3-0: Called Strike
3-1: Foul Ball, location: 2F
3-2: Fly out, F7 (Flyball, 7)
Batting: RHB Jur Prokop 0-0: Ball
1-0: Fly out, F5 (Line Drive, 56)
Batting: RHB Steve Weber 0-0: Ball
1-0: Ball
2-0: Called Strike
2-1: Foul Ball, location: 2F
2-2: Fly out, F7 (Line Drive, 7D)
Bottom of the 2nd over - 0 runs, 0 hits, 0 errors, 0 left on base; Atlantic City 0 - Casper 0
TOP OF THE 3RD
Atlantic City Sonics batting - Pitching for Casper Ghosts : RHP Huibrecht Bik
Batting: LHB António Casas 0-0: Ball
1-0: Ball
2-0: Ball
3-0: Called Strike
3-1: Fly out, F7 (Flyball, 7LM)
Batting: RHB Kendrick Drumgoole 0-0: Ball
1-0: Ball
2-0: Called Strike
2-1: SINGLE (Groundball, 56D)
Batting: LHB Xuan-ling Liao 0-0: Foul Ball, location: 2F
0-1: Called Strike
0-2: Ball
1-2: Grounds into double play, 5-4-3 (Groundball, 56)
Top of the 3rd over - 0 runs, 1 hit, 0 errors, 0 left on base; Atlantic City 0 - Casper 0
BOTTOM OF THE 3RD
Casper Ghosts batting - Pitching for Atlantic City Sonics : RHP Lincoln Spooner
Batting: RHB José Reyes 0-0: Ball
1-0: Foul Ball, location: 2F
1-1: Ball
2-1: Ball
3-1: Called Strike
3-2: Base on Balls
Batting: RHB Tatsui Kiyomizu 0-0: Fly out, F8 (Flyball, 89D)
Batting: LHB Ronald Anderson 0-0: Swinging Strike
0-1: Foul Ball, location: 2F
0-2: Ball
1-2: Ball
2-2: SINGLE (Line Drive, 89M)
José Reyes to second
José Reyes to third
Batting: RHB Armando Pacheco 0-0: Foul Ball, location: 2F
0-1: Ball
1-1: SINGLE (Line Drive, 6) (infield hit)
José Reyes scores
Ronald Anderson to second
Batting: LHB Marcus Shill 0-0: Ball
1-0: Ground out 3-1 (Groundball, 3S)
Ronald Anderson to third
Armando Pacheco to second
Batting: LHB Badry Maksimenov 0-0: Called Strike
0-1: Ground out U3 (Groundball, 34)
Bottom of the 3rd over - 1 run, 2 hits, 0 errors, 2 left on base; Atlantic City 0 - Casper 1
TOP OF THE 4TH
Atlantic City Sonics batting - Pitching for Casper Ghosts : RHP Huibrecht Bik
Batting: RHB John Willoughby 0-0: Ball
1-0: Ball
2-0: Called Strike
2-1: Ball
3-1: Base on Balls
Batting: RHB Dam Son 0-0: Ball
1-0: Ball
2-0: Called Strike
2-1: Foul Ball, location: 2F
2-2: Strikes out swinging
Batting: LHB Bryce Abood 0-0: Ball
1-0: Ball
2-0: Foul Ball, location: 2F
2-1: Called Strike
2-2: Ball
3-2: Base on Balls
John Willoughby to second
Batting: RHB Jeff Quesenberry 0-0: Fly out, F1 (Line Drive, 13)
Batting: LHB Scotty Mitchell 0-0: Foul Ball, location: 2F
0-1: Swinging Strike
0-2: Ball
1-2: Ball
2-2: Ball
3-2: Base on Balls
John Willoughby to third
Bryce Abood to second
Batting: RHB Gary Jenkins 0-0: Foul Ball, location: 2F
0-1: Foul Ball, location: 2F
0-2: Ball
1-2: Ball
2-2: Foul Ball, location: 2F
2-2: Fielders Choice at 2nd, 5-4 (Groundball, 56)
Top of the 4th over - 0 runs, 0 hits, 0 errors, 3 left on base; Atlantic City 0 - Casper 1
BOTTOM OF THE 4TH
Casper Ghosts batting - Pitching for Atlantic City Sonics : RHP Lincoln Spooner
Batting: RHB Jeff Mouton 0-0: Ball
1-0: Called Strike
1-1: Fly out, F7 (Flyball, 78M)
Batting: RHB Jur Prokop 0-0: Called Strike
0-1: Ball
1-1: Called Strike
1-2: SINGLE (Line Drive, 7S)
Batting: RHB Steve Weber 0-0: Called Strike
0-1: Fly out, F8 (Flyball, 89M)
Batting: RHB José Reyes 0-0: Called Strike
0-1: Ground out 1-3 (Groundball, 13S)
Bottom of the 4th over - 0 runs, 1 hit, 0 errors, 1 left on base; Atlantic City 0 - Casper 1
TOP OF THE 5TH
Atlantic City Sonics batting - Pitching for Casper Ghosts : RHP Huibrecht Bik
Batting: LHB António Casas 0-0: Ball
1-0: Swinging Strike
1-1: Swinging Strike
1-2: Ball
2-2: Foul Ball, location: 2F
2-2: Strikes out swinging
Batting: RHB Kendrick Drumgoole 0-0: Called Strike
0-1: Ball
1-1: Ball
2-1: Foul Ball, location: 2F
2-2: Ball
3-2: Strikes out swinging
Batting: LHB Xuan-ling Liao 0-0: Called Strike
0-1: Ball
1-1: Ball
2-1: Foul Ball, location: 2F
2-2: Ball
3-2: Strikes out looking
Top of the 5th over - 0 runs, 0 hits, 0 errors, 0 left on base; Atlantic City 0 - Casper 1
BOTTOM OF THE 5TH
Casper Ghosts batting - Pitching for Atlantic City Sonics : RHP Lincoln Spooner
Batting: RHB Tatsui Kiyomizu 0-0: Ball
1-0: Called Strike
1-1: SINGLE (Line Drive, 3D)
Batting: LHB Ronald Anderson 0-0: Ball
1-0: Bunted foul
1-1: Sac Bunt - play at first, batter OUT! 2-4
Tatsui Kiyomizu to second
Batting: RHB Armando Pacheco 0-0: Ball
1-0: Foul Ball, location: 2F
1-1: Called Strike
1-2: Fly out, F7 (Flyball, 7S)
Batting: LHB Marcus Shill 0-0: Called Strike
0-1: Ball
1-1: Fly out, F8 (Flyball, 8RS)
Bottom of the 5th over - 0 runs, 1 hit, 0 errors, 1 left on base; Atlantic City 0 - Casper 1
TOP OF THE 6TH
Atlantic City Sonics batting - Pitching for Casper Ghosts : RHP Huibrecht Bik
Pitching: LHP Geoffroy Cadaloba
Batting: RHB John Willoughby 0-0: Called Strike
0-1: Ball
1-1: Called Strike
1-2: Fly out, F9 (Flyball, 9LMF)
Batting: RHB Dam Son 0-0: Ball
1-0: Fly out, F7 (Flyball, 78M)
Batting: LHB Bryce Abood 0-0: Ball
1-0: Ball
2-0: SINGLE (Groundball, 4MD)
Batting: RHB Jeff Quesenberry 0-0: Ground out 4-3 (Groundball, 34)
Top of the 6th over - 0 runs, 1 hit, 0 errors, 1 left on base; Atlantic City 0 - Casper 1
BOTTOM OF THE 6TH
Casper Ghosts batting - Pitching for Atlantic City Sonics : RHP Lincoln Spooner
Batting: LHB Badry Maksimenov 0-0: Ball
1-0: Ball
2-0: Ball
3-0: Base on Balls
Pinch Runner at 1st Paco Ríos:
Batting: RHB Jeff Mouton 0-0: Ball
1-0: Swinging Strike
1-1: Ball
2-1: Foul Ball, location: 2F
2-2: Strikes out swinging
Batting: RHB Jur Prokop 0-0: Ball
1-0: Called Strike
Paco Ríos steals 2nd base
1-1: Swinging Strike
1-2: Foul Ball, location: 2F
1-2: Ball
2-2: Foul Ball, location: 2F
2-2: Strikes out swinging
Batting: RHB Steve Weber 0-0: Foul Ball, location: 2F
0-1: Ball
1-1: Ball
2-1: Foul Ball, location: 2F
2-2: Foul Ball, location: 2F
2-2: SINGLE (Line Drive, 56D)
Paco Ríos to third
Runner from 3rd tries for Home, SAFE, no throw
Batting: RHB José Reyes 0-0: Ball
1-0: Ball
2-0: Ball
3-0: Base on Balls
Steve Weber to second
Batting: RHB Tatsui Kiyomizu 0-0: Called Strike
0-1: Ball
1-1: Ground out 4-3 (Groundball, 4)
Bottom of the 6th over - 1 run, 1 hit, 0 errors, 2 left on base; Atlantic City 0 - Casper 2
TOP OF THE 7TH
Atlantic City Sonics batting - Pitching for Casper Ghosts : LHP Geoffroy Cadaloba
Now in CF: Paco Ríos
Batting: LHB Scotty Mitchell 0-0: Ball
1-0: Swinging Strike
1-1: Ball
2-1: DOUBLE (Line Drive, 89XD)
Batting: RHB Gary Jenkins 0-0: Ball
1-0: Ball
2-0: Swinging Strike
2-1: Ball
3-1: Base on Balls
Batting: LHB António Casas 0-0: Ball
1-0: Called Strike
1-1: Ball
2-1: Grounds into double play, 4-6-3 (Groundball, 4)
Scotty Mitchell to third
Batting: RHB Kendrick Drumgoole 0-0: Ball
1-0: Called Strike
1-1: Swinging Strike
1-2: Ball
2-2: Foul Ball, location: 2F
2-2: Strikes out looking
Top of the 7th over - 0 runs, 1 hit, 0 errors, 1 left on base; Atlantic City 0 - Casper 2
BOTTOM OF THE 7TH
Casper Ghosts batting - Pitching for Atlantic City Sonics : RHP Lincoln Spooner
Batting: LHB Ronald Anderson 0-0: SINGLE (Line Drive, 89S)
Batting: RHB Armando Pacheco 0-0: Sac Bunt - play at first, batter OUT! 1-3
Ronald Anderson to second
Batting: LHB Marcus Shill 0-0: Intentional Walk
Batting: SHB Paco Ríos 0-0: Foul Ball, location: 2F
0-1: Ball
1-1: Ball
2-1: Foul Ball, location: 2F
2-2: Strikes out swinging
Batting: RHB Jeff Mouton 0-0: Foul Ball, location: 2F
0-1: Ball
1-1: DOUBLE (Groundball, 5L)
Ronald Anderson scores
Marcus Shill to third
Runner from 3rd tries for Home, SAFE, no throw
Batting: RHB Jur Prokop 0-0: Called Strike
0-1: Called Strike
0-2: Ball
1-2: Strikes out swinging
Bottom of the 7th over - 2 runs, 2 hits, 0 errors, 1 left on base; Atlantic City 0 - Casper 4
TOP OF THE 8TH
Atlantic City Sonics batting - Pitching for Casper Ghosts : LHP Geoffroy Cadaloba
Batting: LHB Xuan-ling Liao 0-0: Called Strike
0-1: Ball
1-1: Ground out 4-3 (Groundball, 4S)
Batting: RHB John Willoughby 0-0: Foul Ball, location: 2F
0-1: Ground out 6-3 (Groundball, 6)
Batting: RHB Dam Son 0-0: Foul Ball, location: 2F
0-1: Ball
1-1: Fly out, F7 (Flyball, 7S)
Top of the 8th over - 0 runs, 0 hits, 0 errors, 0 left on base; Atlantic City 0 - Casper 4
BOTTOM OF THE 8TH
Casper Ghosts batting - Pitching for Atlantic City Sonics : RHP Lincoln Spooner
Batting: RHB Steve Weber 0-0: Fly out, F5 (Line Drive, 6)
Batting: RHB José Reyes 0-0: Foul Ball, location: 2F
0-1: Fly out, F7 (Flyball, 7LS)
Batting: RHB Tatsui Kiyomizu 0-0: Foul Ball, location: 2F
0-1: Fly out, F8 (Flyball, 78D)
Bottom of the 8th over - 0 runs, 0 hits, 0 errors, 0 left on base; Atlantic City 0 - Casper 4
TOP OF THE 9TH
Atlantic City Sonics batting - Pitching for Casper Ghosts : LHP Geoffroy Cadaloba
Batting: LHB Bryce Abood 0-0: Called Strike
0-1: Fly out, F7 (Flyball, 78D)
Batting: RHB Jeff Quesenberry 0-0: Swinging Strike
0-1: Foul Ball, location: 2F
0-2: Strikes out swinging
Batting: LHB Scotty Mitchell 0-0: Ground out 1-3 (Groundball, 13)
Top of the 9th over - 0 runs, 0 hits, 0 errors, 0 left on base; Atlantic City 0 - Casper 4
Friday, March 29th, 2019 - OOTP Baseball 18.8 Build 76